 Dungeon Crawl Stone Soup version 0.31.0-2-g5a2aebc5c2 (webtiles) character file.

Game seed: 3983714473068285438

1962 ssalbiz the Cleaver (level 9, -11/103 (105) HPs)
             Began as a Minotaur Berserker on Jan 20, 2024.
             Was a Priest of Trog.
             Mangled by a wight
             ... wielding a +5 halberd
              (14 damage)
             ... on level 6 of the Dungeon.
             The game lasted 00:05:11 (6134 turns).

ssalbiz the Cleaver (Minotaur Berserker)            Turns: 6134, Time: 00:05:11

HP:   -11/103 (105) AC:  2    Str: 27    XL:     9   Next: 0%
MP:   8/8           EV: 12    Int:  7    God:    Trog [***...]
Gold: 246           SH:  0    Dex:  9    Spells: 8/8 levels left

rFire   + . .        w - +4 hand axe
rCold   + . .        (no shield)
rNeg    . . .        b - +0 animal skin
rPois   .            (helmet restricted)
rElec   .            (no cloak)
rCorr   .            (no gloves)
SInv    .            (no boots)
Will    .....        (no amulet) Stlth
                     a - ring of Moodiness {rF+ rC+ Int+3}
HPRegen 0.37/turn    (no ring)
MPRegen 0.11/turn

%: no passive effects
@: berserking, lightly drained, very quick
A: horns 2, retaliatory headbutt
a: Renounce Religion, Berserk, Trog's Hand


You were on level 6 of the Dungeon.
You worshipped Trog.
Trog was most pleased with you.
You visited 1 branch of the dungeon, and saw 6 of its levels.

You collected 246 gold pieces.

Inventory:

Hand Weapons
 w - a +4 hand axe (weapon)
Armour
 b - a +0 animal skin (worn)
Jewellery
 a - the ring of Moodiness (left hand) {rF+ rC+ Int+3}
   (You found it on level 6 of the Dungeon)

   [ring of protection from fire]

   Int+3:     It affects your intelligence (+3).
   rF+:       It protects you from fire.
   rC+:       It protects you from cold.
 p - a +5 ring of evasion
Wands
 o - a wand of flame (24)
 t - a wand of quicksilver (12)
Scrolls
 d - 4 scrolls of fog {unknown}
 e - a scroll of poison {unknown}
 h - a scroll of teleportation {unknown}
 m - 2 scrolls of immolation {unknown}
 n - 2 scrolls of amnesia {unknown}
 r - 2 scrolls of blinking {unknown}
 u - a scroll of fear {unknown}
 v - 3 scrolls of identify {unknown}
Potions
 c - 2 potions of cancellation {unknown}
 f - a potion of haste {unknown}
 g - 2 potions of mutation {unknown}
 i - 2 potions of magic {unknown}
 j - a potion of heal wounds {unknown}
 k - 2 potions of attraction {unknown}
 l - 2 potions of enlightenment {unknown}
 q - a potion of curing {unknown}


   Skills:
 - Level 3.6 Fighting
 + Level 14.2 Axes
 - Level 2.4 Armour
 - Level 2.1 Dodging


You had 8 spell levels left.
You didn't know any spells.
Your spell library was empty.

Dungeon Overview and Level Annotations

Branches:
Dungeon (6/15)
 Temple: D:4-7

Altars:
Elyvilon
Qazlal

Shops:
D:5 (

Annotations:
D:3 2 transporters, Vadun's ghost, amateur MiGl


Innate Abilities, Weirdness & Mutations

You have a pair of horns on your head.
You reflexively headbutt those who attack you in melee.


Message History

The wight misses you. You furiously retaliate!
You headbutt the wight.
The wight hits you from afar with a +2 spear!
Unknown command.
You hit the wight.
The wight is severely damaged.
Unknown command.
You hit the wight.
You destroy the wight!
Trog accepts your kill.
The wight hits you from afar with a +5 halberd!!
You feel drained. The wight barely misses you.
Your Axes skill increases to level 14!
A red film seems to cover your vision as you go berserk!
You feel yourself moving faster!
You feel mighty! The wight barely misses you.
The wight hits you from afar with a +2 spear!
* * * LOW HITPOINT WARNING * * *
You feel drained.
* * * LOW HITPOINT WARNING * * *
The steam dragon barely misses you. The steam dragon claws you.
* * * LOW HITPOINT WARNING * * *
You hit the steam dragon. You headbutt the steam dragon!
The steam dragon is severely wounded.
You slash the steam dragon!
You kill the steam dragon!
Trog accepts your kill.
The wight hits you from afar with a +5 halberd!
* * * LOW HITPOINT WARNING * * *
You feel drained.
The wight hits you from afar with a +2 spear!
* * * LOW HITPOINT WARNING * * *
You have reached level 9!
Your experience leads to an increase in your attributes!
Your base attributes are Str 25, Int 4, Dex 9.
Increase (S)trength, (I)ntelligence, or (D)exterity?
You feel stronger. x2
You see here a steam dragon corpse.
You barely miss the wight. You headbutt the wight!
The wight is heavily damaged.
You slash the wight! The wight hits you with a +5 halberd!
You die...

. .... . ..... . ....
..... .. .....
....###########..#
....####.......:........
....#..#................
....+..+.......).z......
....##.#........@z......
.....#.####'##+#.......#
.....'.........#...?...#
.....#.........+.......#
.....#########+#.......#
[....# ........#
'###+###+ .########
#.......# . #†......#


You could see 2 wights.

Vanquished Creatures
  A troll (D:6)
  A steam dragon (D:6)
  Duvessa (D:5)
  A sky beast (D:6)
  2 black bears (D:6)
  An ogre (D:3)
  A kobold brigand (D:6)
  2 scorpions
  4 wights (D:6)
  Dowan (D:5)
  A bombardier beetle (D:5)
  5 hounds
  A jelly (D:4)
  4 orc priests
  3 iguanas
  5 orc wizards
  7 adders
  2 white imps (D:5)
  2 ufetubi (D:6)
  2 dart slugs (D:4)
  A ribbon worm (D:2)
  13 orcs
  5 bats
  5 endoplasms
  7 goblins
  4 hobgoblins
  13 jackals
  4 quokkas (D:4)
  13 ball pythons
  3 frilled lizards (D:1)
  15 kobolds
  4 rats
134 creatures vanquished.

Notes
Turn   | Place    | Note
-------+----------+-------------------------------------------
     0 | D:1      | ssalbiz the Minotaur Berserker began the quest for the Orb.
     0 | D:1      | Reached XP level 1. HP: 19/19 MP: 0/0
    27 | D:1      | Reached skill level 4 in Axes
   144 | D:1      | Reached XP level 2. HP: 26/26 MP: 1/1
   793 | D:2      | Reached skill level 5 in Axes
   793 | D:2      | Reached XP level 3. HP: 27/31 MP: 2/2
   971 | D:2      | Reached ** piety under Trog
  1306 | D:2      | You fall into a shaft and drop 1 floor!
  1469 | D:3      | Noticed an ogre
  1476 | D:3      | Killed an ogre
  1477 | D:3      | Reached skill level 7 in Axes
  1477 | D:3      | Reached XP level 4. HP: 39/39 MP: 3/3
  1477 | D:3      | Reached XP level 5. HP: 45/45 MP: 4/4
  1577 | D:3      | Found a transporter.
  1581 | D:3      | Found a transporter.
  1581 | D:3      | Noticed an ogre
  1582 | D:3      | Noticed Vadun's ghost (amateur MiGl)
  1583 | D:3      | Noticed an ogre
  2198 | D:4      | Identified the ring "Evoitu Saph" {Wiz Fly Int+4}
  2299 | D:4      | Reached skill level 8 in Axes
  2404 | D:4      | Reached XP level 6. HP: 45/51 MP: 5/5
  2733 | D:4      | Reached skill level 9 in Axes
  3266 | D:4      | Reached XP level 7. HP: 24/57 MP: 6/6
  3792 | D:2      | Reached *** piety under Trog
  4527 | D:5      | Entered Level 5 of the Dungeon
  4736 | D:5      | Found Eraatage's Antique Weapon Emporium.
  4796 | D:5      | Reached skill level 10 in Axes
  4840 | D:5      | Noticed Dowan
  4841 | D:5      | Noticed Duvessa
  4892 | D:5      | Killed Duvessa
  4895 | D:5      | Killed Dowan
  5144 | D:5      | Reached skill level 11 in Axes
  5670 | D:6      | Reached XP level 8. HP: 47/64 MP: 7/7
  5748 | D:6      | Reached skill level 12 in Axes
  5830 | D:6      | Identified the ring of Moodiness {rF+ rC+ Int+3}
  5889 | D:6      | Noticed a troll
  5893 | D:6      | Killed a troll
  5894 | D:6      | Reached skill level 13 in Axes
  6014 | D:6      | Found a stormy altar of Qazlal.
  6065 | D:6      | Found a white marble altar of Elyvilon.
  6130 | D:6      | Reached skill level 14 in Axes
  6132 | D:6      | HP: 3/88 [wight/+2 spear (7)]
  6133 | D:6      | Reached XP level 9. HP: 3/69 MP: 8/8
  6134 | D:6      | Mangled by a wight

Illustrated notes

Levels and vault maps discovered:
D:1:      sevenhm_arrival_forest_fort_small_6, layout_basic,
          hangedman_decor_diamond_cutter
D:2:      minmay_door_path, layout_basic
D:3:      layout_basic, gammafunk_ghost_smash
D:4:      layout_basic, amethyst_killhole
D:5:      layout_gridville, serial_shops, nicolae_shop_overgrown_old_shop,
          uniq_duvessa
D:6:      layout_gridville, mainiacjoe_overflow_24_doors,
          nicolae_wu_jian_wuxing_cycle, grunt_qazlal_sundering

Skill      XL: |  1  2  3  4  5  6  7  8 |
---------------+-------------------------+-----
Axes           | 4 5 7 8 9 11 14 | 14.2
Fighting       | |  3.6
Armour         | |  2.4
Dodging        | |  2.1

Action                     |  1- 3 |  4- 6 |  7- 9 || total
---------------------------+-------+-------+-------++-------
  Melee: Hand axe          |    92 |   111 |   127 ||   330
         Headbutt          |     7 |    12 |    27 ||    46
         Punch             |       |       |     3 ||     3
 Invoke: Berserk           |     2 |     2 |     8 ||    12
         Trog's Hand       |       |     2 |     1 ||     3
   Stab: Sleeping          |     2 |       |       ||     2
 Armour: Animal skin       |    43 |    75 |    80 ||   198
  Dodge: Dodged            |    75 |    41 |    50 ||   166
